Map: Forteresse de fer EC

Players

DNRrule - Winner!

  • Race: Terran Terran

AgCl

  • Race: Protoss Protoss

VOD

Have the link to the VOD?

Description

Time

  • Played on: May 10, 2015, 6:57 p.m.
  • Length: 13:00
Show
View Real Time Build Order
Export as new Build Order

DNRrule Terran - Winner!

Build Orders: MMM Bio 

Get SALT Encoding   

  12  0:02  SCV  
  13  0:20  Supply Depot  
  13  0:29  SCV  
  13  0:33  Refinery  
  14  0:41  SCV  
  15  0:54  SCV  
  16  0:57  Barracks  
  16  1:06  SCV  
  17  1:18  SCV  
  18  1:26  Supply Depot  
  18  1:30  SCV  
  19  1:44  Command Center  
  19  1:47  Marine  
  20  1:58  Orbital Command  
  20  2:05  Marine  
  21  2:23  Marine  
  21  2:28  SCV  
  23  2:35  Factory  
  23  2:38  Bunker  
  22  2:55  SCV  
  23  3:01  Marine  
  24  3:15  SCV  
  26  3:28  Barracks Tech Lab  
  26  3:30  Factory Reactor  
  26  3:31  SCV  
  26  3:34  Orbital Command  
  26  3:39  Refinery  
  26  3:41  Command Center  
  26  3:43  Barracks  
  26  3:45  Missile Turret  
  26  3:48  Missile Turret  
  26  3:52  Marauder  
  26  3:54  SCV  
  29  3:58  Combat Shields  
  27  4:15  Marine  
  27  4:16  Widow Mine x2  
  31  4:18  SCV x2  
  33  4:30  SCV, Missile Turret  
  34  4:37  SCV  
  34  4:38  Marine  
  34  4:42  SCV  
  36  4:48  Missile Turret  
  36  4:54  Orbital Command  
  36  4:56  Marine, Widow Mine x2  
  36  4:57  Barracks Reactor  
  41  5:02  SCV x2  
  43  5:11  Engineering Bay  
  43  5:14  SCV, Marine  
  45  5:24  Widow Mine x2  
  46  5:48  Barracks Tech Lab  
  45  5:50  Barracks Reactor  
  44  5:59  SCV x2  
  44  6:00  SCV  
  44  6:03  Terran Infantry Weapons Level 1  
  47  6:05  Engineering Bay  
  47  6:08  Starport  
  47  6:10  Widow Mine  
  47  6:11  SCV, Widow Mine  
  49  6:12  SCV  
  49  6:13  Marine  
  49  6:14  Barracks  
  49  6:18  Stimpack  
  54  6:19  SCV  
  54  6:23  SCV  
  56  6:26  Refinery  
  56  6:30  Marine  
  56  6:32  Marine  
  58  6:33  Command Center  
  58  6:48  Marine  
  58  6:49  Hellion  
  61  6:56  Missile Turret  
  61  7:05  Supply Depot  
  61  7:07  Terran Infantry Armor Level 1, Supply Depot  
  61  7:08  Supply Depot, Starport Reactor  
  61  7:09  Marine x2  
  63  7:34  Missile Turret  
  63  7:35  Refinery  
  60  7:38  Marine x3  
  60  7:40  Widow Mine  
  60  7:42  Widow Mine  
  65  7:45  Barracks Reactor  
  65  7:46  Medivac x2  
  69  7:56  Marine x2  
  71  8:06  Marine  
  71  8:07  Armory  
  72  8:13  Marine  
  72  8:14  SCV x2, Barracks, Marine  
  72  8:15  SCV  
  72  8:16  Medivac x2  
  81  8:23  Marine x2  
  81  8:24  Marine, Widow Mine x2  
  81  8:26  SCV  
  89  8:31  Marine x2  
  91  8:40  Marine  
  91  8:41  Marine  
  93  8:42  Marine  
  94  8:49  Marine  
  94  8:52  Planetary Fortress  
  94  8:54  SCV x2  
  94  8:55  SCV, Marine  
  99  8:58  Marine  
  99  9:01  Supply Depot  
  99  9:02  Supply Depot  
  100  9:03  Supply Depot  
  100  9:05  Supply Depot  
  100  9:22  Marine  
  100  9:23  SCV, Hellion x2, Medivac, Marine  
  100  9:24  Medivac, Marine  
  98  9:42  Marine x5  
  103  9:53  Viking  
  103  9:54  Barracks Reactor, Viking  
  107  10:00  Marine x5  
  107  10:02  Concussive Shells  
  112  10:13  Widow Mine x2  
  116  10:15  Terran Infantry Weapons Level 2, Terran Infantry Armor Level 2  
  116  10:17  Marine  
  116  10:18  Marine x4  
  121  10:22  SCV x2, Barracks  
  121  10:23  SCV x2  
  121  10:24  Barracks  
  121  10:25  Barracks  
  123  10:34  SCV  
  123  10:35  SCV x3, Marine  
  116  10:36  Marine x2  
  108  10:53  Marine x3  
  108  10:54  Marine x2  
  103  11:00  Marine x2  
  103  11:02  Medivac  
  103  11:03  Viking  
  109  11:04  Widow Mine x2  
  109  11:11  Marine x4  
  113  11:12  Marine  
  113  11:18  Missile Turret, Marine x2  
  118  11:19  Missile Turret  
  118  11:22  SCV x4, Missile Turret  
  124  11:29  Marine x5  
  129  11:32  Viking  
  129  11:36  Marine  
  129  11:39  Command Center  
  132  11:43  Supply Depot  
  132  11:45  Supply Depot x2  
  132  11:47  Supply Depot  
  132  11:53  Supply Depot  
  132  11:55  Refinery  
  132  11:56  Refinery  
  132  11:57  Marine  
  132  12:01  Marine  
  132  12:03  Barracks Reactor x2  
  132  12:04  Medivac, Marine x5  
  139  12:11  Barracks Reactor  
  139  12:22  Marine  
  140  12:24  Marine x2  
  140  12:25  Marine x4  
  140  12:26  Widow Mine x2  
  140  12:28  Medivac  
  154  12:40  Marine  
  154  12:42  Marine x2  
Show
View Real Time Build Order
Export as new Build Order

AgCl Protoss 

Build Orders: Oracle Opening, Oracle Opening 

Get SALT Encoding   

  12  0:02  Probe  
  13  0:14  Probe  
  14  0:32  Pylon  
  14  0:50  Probe  
  14  0:51  Gateway  
  15  1:02  Probe  
  16  1:04  Assimilator  
  16  1:07  Assimilator  
  16  1:14  Probe  
  17  1:26  Probe  
  18  1:38  Zealot (Chrono Boost)  
  18  1:39  Probe  
  21  1:49  Cybernetics Core  
  21  1:51  Probe  
  22  2:21  Probe (Chrono Boost)  
  22  2:36  Nexus  
  22  2:40  Gateway  
  22  2:41  Gateway  
  22  2:49  Stargate  
  22  2:55  Mothership Core (Chrono Boost)  
  22  3:01  Warp Gate (Chrono Boost)  
  22  3:21  Nexus  
  22  3:24  Pylon  
  22  3:30  Pylon  
  22  3:42  Probe (Chrono Boost), Oracle (Chrono Boost)  
  26  3:53  Probe (Chrono Boost)  
  26  3:55  Probe (Chrono Boost)  
  28  3:59  Probe  
  29  4:05  Probe  
  30  4:12  Probe  
  30  4:14  Oracle (Chrono Boost)  
  33  4:17  Probe (Chrono Boost)  
  33  4:24  Probe (Chrono Boost)  
  34  4:29  Probe (Chrono Boost)  
  35  4:37  Mothership Core (Chrono Boost)  
  35  4:38  Probe (Chrono Boost)  
  38  4:48  Probe (Chrono Boost)  
  38  4:51  Probe (Chrono Boost)  
  41  4:55  Probe (Chrono Boost)  
  41  4:57  Probe (Chrono Boost)  
  41  4:59  Probe (Chrono Boost), Forge  
  43  5:04  Probe, Fleet Beacon  
  43  5:06  Protoss Air Weapons Level 1  
  44  5:09  Probe  
  45  5:15  Probe  
  46  5:23  Probe (Chrono Boost)  
  48  5:30  Probe (Chrono Boost)  
  48  5:32  Probe (Chrono Boost)  
  48  5:33  Assimilator  
  50  5:35  Photon Cannon  
  50  5:38  Assimilator  
  50  5:39  Probe (Chrono Boost)  
  50  5:40  Pylon  
  47  5:49  Graviton Catapult (Chrono Boost)  
  50  5:52  Probe x2 (Chrono Boost)  
  50  5:54  Probe (Chrono Boost)  
  50  5:59  Probe (Chrono Boost)  
  50  6:02  Pylon  
  50  6:03  Assimilator  
  53  6:06  Probe (Chrono Boost)  
  53  6:07  Assimilator  
  53  6:09  Probe (Chrono Boost)  
  53  6:11  Probe (Chrono Boost)  
  54  6:18  Protoss Ground Weapons Level 1 (Chrono Boost)  
  54  6:19  Pylon  
  54  6:20  Photon Cannon  
  54  6:21  Probe  
  54  6:23  Photon Cannon  
  54  6:24  Carrier (Chrono Boost)  
  54  6:25  Probe x2 (Chrono Boost), Pylon  
  57  6:33  Photon Cannon  
  57  6:34  Pylon  
  59  6:40  Probe (Chrono Boost)  
  59  6:42  Probe (Chrono Boost)  
  65  6:48  Probe  
  65  6:50  Probe  
  67  6:57  Probe (Chrono Boost)  
  66  7:01  Gateway  
  66  7:02  Probe (Chrono Boost)  
  66  7:03  Pylon  
  66  7:05  Probe (Chrono Boost)  
  68  7:12  Probe (Chrono Boost)  
  68  7:15  Probe (Chrono Boost)  
  69  7:16  Photon Cannon  
  69  7:17  Probe (Chrono Boost), Photon Cannon  
  69  7:18  Pylon  
  70  7:27  Zealot  
  72  7:33  Protoss Air Weapons Level 2 (Chrono Boost)  
  72  7:41  Carrier (Chrono Boost)  
  72  7:48  Gateway  
  72  7:51  Gateway, Probe  
  73  7:53  Pylon  
  73  7:56  Twilight Council  
  79  8:01  Stargate  
  79  8:05  Gateway  
  79  8:09  Probe x3, Gateway  
  82  8:14  Gateway  
  82  8:21  Stargate  
  82  8:23  Pylon  
  82  8:25  Gateway  
  82  8:29  Protoss Shields Level 1 (Chrono Boost)  
  82  8:31  Carrier (Chrono Boost)  
  88  8:49  Pylon  
  88  8:54  Templar Archives, Gateway, Charge (Chrono Boost)  
  94  8:58  Dark Shrine  
  94  9:01  Pylon  
  94  9:20  Carrier (Chrono Boost)  
  90  9:42  Protoss Air Armor Level 1 (Chrono Boost)  
  90  9:46  Stalker  
  90  9:49  Phoenix (Chrono Boost)  
  94  10:01  Carrier x2 (Chrono Boost)  
  94  10:02  Pylon x2  
  94  10:03  Pylon  
  94  10:05  Photon Cannon  
  93  10:09  Pylon  
  93  10:12  Robotics Facility  
  93  10:14  Dark Templar  
  93  10:17  Zealot x2  
  93  10:18  Adept, Zealot  
  100  10:37  Adept  
  100  10:38  Adept  
  100  10:39  Adept x2  
  102  10:50  Adept, Carrier  
  102  10:51  Adept, Zealot  
  102  10:52  Zealot  
  102  10:56  Carrier (Chrono Boost)  
  108  11:05  Carrier (Chrono Boost)  
  106  11:13  Observer  
  125  11:34  Observer  
  125  11:35  Nexus  
  125  11:37  Forge  
  118  12:04  Pylon  
  110  12:09  Pylon  
  110  12:15  Pylon  
  124  12:40  High Templar x3  
  124  12:41  High Templar  
Tags
 
Add a new tag
Caveats
  • Supply blocks, unpowered buildings, or Contaminate may cause inaccurate times.
  • Supply counts are checked every 10 seconds.